 Dungeon Crawl Stone Soup version 0.32-a0-705-g60f233581c (webtiles) character file.

Game seed: 6824732951938343891

3145 BeKind the Frost Mage (level 9, -1/51 HPs)
             Began as an Octopode Ice Elementalist on Mar 14, 2024.
             Was an Initiate of Gozag.
             Slain by a hornet (13 damage)
             ... on level 7 of the Dungeon.
             The game lasted 00:13:57 (7056 turns).

BeKind the Frost Mage (Octopode Ice Elementalist)   Turns: 7056, Time: 00:13:57

Health: -1/51      AC:  1    Str:  9    XL:     9   Next: 93%
Magic:  15/18      EV: 16    Int: 22    God:    Gozag
Gold:   190        SH:  0    Dex: 18    Spells: 10/20 levels left

rFire   . . .        F - +6 orcbow of Termination {drain, Fly rPois Str+2}
rCold   + . .        (shield currently unavailable)
rNeg    + . .        (helmet restricted)
rPois   +            (no amulet)
rElec   .            d - ring of see invisible
rCorr   .            j - ring of positive energy
SInv    +            o - ring of protection from cold
Will    .....        q - +6 ring of dexterity
Stlth   +++          C - ring of flight
HPRegen 0.28/turn    (no ring)
MPRegen 0.16/turn    (no ring)
                     (no ring)

%: no passive effects
@: lethally poisoned (-1 -> -11), about to teleport, gold aura, freezing walls,
flying
A: almost no armour, amphibious, 8 rings, camouflage 1, gelatinous body 1,
(nimble swimmer 1), tentacles
a: Renounce Religion, Potion Petition, Call Merchant, Bribe Branch


You were on level 7 of the Dungeon.
You worshipped Gozag.
Gozag was aware of your devotion.
You visited 1 branch of the dungeon, and saw 7 of its levels.
You also visited: Ossuary.

You collected 908 gold pieces.
You spent 645 gold pieces at shops.
You paid 73 gold pieces to Gozag.

Inventory:

Hand Weapons
 t - a +3 short sword of electrocution
 B - a +0 trident of holy wrath
 F - the +6 orcbow of Termination (weapon) {drain, Fly rPois Str+2}
   (You bought it in a shop on level 6 of the Dungeon)

   Str+2:     It affects your strength (+2).
   rPois:     It protects you from poison.
   Fly:       It grants you flight.
Jewellery
 d - a ring of see invisible (left tentacle)
 j - a ring of positive energy (right tentacle)
 o - a ring of protection from cold (on tentacle)
 q - a +6 ring of dexterity (on tentacle)
 C - a ring of flight (on tentacle)
Wands
 n - a wand of digging (1)
 v - a wand of polymorph (4)
 D - a wand of iceblast (18)
Scrolls
 e - 3 scrolls of poison
 f - 2 scrolls of noise
 g - a scroll of revelation
 p - 2 scrolls of brand weapon {unknown}
 r - a scroll of teleportation
 s - a scroll of amnesia {unknown}
 y - 2 scrolls of enchant weapon {unknown}
 A - 2 scrolls of acquirement {unknown}
 E - 2 scrolls of torment {unknown}
Potions
 a - a potion of magic
 b - a potion of attraction {unknown}
 c - 2 potions of enlightenment {unknown}
 h - 2 potions of brilliance {unknown}
 i - 2 potions of invisibility {unknown}
 k - 3 potions of mutation {unknown}
 l - 2 potions of curing {unknown}
 m - a potion of degeneration {unknown}
 u - a potion of haste {unknown}
 w - a potion of ambrosia {unknown}
 x - 2 potions of might {unknown}
 z - a potion of berserk rage {unknown}


   Skills:
 * Level 5.6 Ranged Weapons
 - Level 7.7 Dodging
 - Level 3.0 Stealth
 - Level 6.0 Spellcasting
 - Level 8.4 Ice Magic


You had 10 spell levels left.
You knew the following spells:

 Your Spells              Type           Power      Damage    Failure   Level
a - Freeze                Ice            100%       1d10      1%          1
b - Frozen Ramparts       Ice            86%        1d13      1%          3
c - Ozocubu's Armour      Ice            43%        N/A       1%          3
d - Summon Ice Beast      Ice/Summ       25%        N/A       4%          3

Your spell library contained the following spells:

 Spells                   Type           Power      Damage    Failure   Level
 Kiss of Death            Conj/Necr      24%        2d7       9%          1
 Shock                    Conj/Air       24%        1d4       9%          1
 Mercury Vapours          Alch/Air       12%        N/A       14%         2
 Confusing Touch          Hex            6%         N/A       26%         3
 Mephitic Cloud           Conj/Alch/Air  6%         N/A       26%         3
 Swiftness                Air            6%         N/A       26%         3
 Freezing Cloud           Conj/Ice/Air   9%         6-21      63%         5
 Airstrike                Air            3%         2d(1-17)  65%         4
 Dispel Undead            Necr           6%         3d8       65%         4


Dungeon Overview and Level Annotations

Branches:
Dungeon (7/15)            Ossuary (visited)
 Temple: D:4-7

Altars:
Gozag
Xom

Shops:
D:6 *

Annotations:
D:6 Jeremiah


Innate Abilities, Weirdness & Mutations

You cannot wear most types of armour.
You are amphibious.
You can wear up to eight rings at the same time.
Your skin changes colour to match your surroundings (Stealth+).
Your rubbery body absorbs attacks. (AC +1, EV +1)
((You are camouflaged when in or above water. (Stealth+)))
You have tentacles for arms and can constrict up to eight enemies at once.


Message History

The scorpion misses you.
You shoot an arrow. The arrow hits the scorpion!
You drain the scorpion.
You kill the scorpion!
You shoot an arrow. The arrow closely misses the white imp.
You hear a shout!
A gnoll sergeant comes into view. It is wielding a +0 trident.
You shoot an arrow. The arrow hits the white imp.
The white imp is moderately wounded.
The white imp gestures at you. The puff of frost misses you.
A hornet comes into view.
You shoot an arrow. The arrow hits the white imp!
You kill the white imp!
You shoot an arrow. The arrow hits the hornet!
The hornet is moderately wounded.
The gnoll sergeant hits you from afar with a +0 trident!
The hornet stings you!
Casting: Summon Ice Beast (dangerous; 4% risk of failure)
Confirm with . or Enter, or press ? or * to list all spells.
Casting: Frozen Ramparts (safe; 1% risk of failure)
Press: ? - help, Dir - look around, f - activate The walls around you are covered in ice.
The wall freezes the gnoll sergeant but does no damage.
The gnoll sergeant closely misses you.
A sleepcap comes into view.
The wall freezes the hornet but does no damage.
The hornet stings you!
You are poisoned.
As you read the scroll of teleportation, it crumbles to dust.
You feel strangely unstable.
You feel very sick.
The wall freezes the hornet but does no damage.
The hornet misses you.
The wall freezes the gnoll sergeant but does no damage.
The gnoll sergeant hits you from afar with a +0 trident!
* * * LOW HITPOINT WARNING * * *
The wall freezes the sleepcap!
The wall freezes the hornet.
The hornet stings you!
You die...
Your body crumbles into a pile of gold.

## #. # #. ..
### #. .. ### !.
.. #. .# ...
.....#. f#.# ##
#.)....###yg.#
.# ... #..@# .#
#.# #.#.# .# .#
#..##...###...
##
#.............
...
#..#.......###
...
##..........#
..# ##.........#
..#
...###....>....#
.##
#.............#


You could see a hornet, a sleepcap and a gnoll sergeant.

Vanquished Creatures
  The ghost of soul19 the Changeling, an amateur DsSh (D:4)
  Sigmund (D:3)
  A water moccasin (D:5)
  An orc warrior (D:5)
  3 ice beasts
  A sky beast (D:7)
  3 black bears
  An ogre (D:5)
  2 phantoms (D:6)
  2 elf zombies (Ossuary)
  A bullfrog (D:7)
  A kobold brigand (D:4)
  3 scorpions
  2 wights (D:7)
  4 killer bees
  A bombardier beetle (D:3)
  2 jellies (D:7)
  2 orc priests (D:5)
  A gnoll bouda (D:4)
  Terence (D:3)
  5 iguanas
  An orc wizard (D:4)
  2 sleepcaps
  A hound zombie (Ossuary)
  4 mummies (Ossuary)
  Robin (D:4)
  3 gnolls (D:4)
  10 adders
  A shadow imp (D:7)
  3 white imps
  2 ufetubi (D:7)
  2 adder zombies (Ossuary)
  3 dart slugs
  2 ribbon worms
  11 orcs
  7 bats
  6 endoplasms
  5 giant cockroaches
  14 goblins
  11 hobgoblins
  5 jackals (D:1)
  5 kobolds
  2 quokkas
  9 ball pythons
  A frilled lizard (D:2)
  2 jackal zombies (Ossuary)
  2 kobold zombies (Ossuary)
  2 orc zombies (Ossuary)
  7 rats
163 creatures vanquished.

Vanquished Creatures (collateral kills)
  2 ogres
  A wight (D:7)
  An orc (D:4)
  A gnoll zombie (Ossuary)
5 creatures vanquished.

Grand Total: 168 creatures vanquished

Notes
Turn   | Place    | Note
-------+----------+-------------------------------------------
     0 | D:1      | BeKind the Octopode Ice Elementalist began the quest for
                  | the Orb.
     0 | D:1      | Reached XP level 1. HP: 11/11 MP: 3/3
    33 | D:1      | Reached XP level 2. HP: 7/17 MP: 1/5
   365 | D:1      | Reached XP level 3. HP: 17/21 MP: 6/6
   642 | D:2      | Found a shimmering altar of Xom.
   648 | D:2      | Learned a level 3 spell: Frozen Ramparts
   816 | D:2      | Learned a level 3 spell: Ozocubu's Armour
   842 | D:2      | Reached XP level 4. HP: 15/27 MP: 6/8
  1510 | D:3      | Noticed Terence
  1516 | D:3      | Killed Terence
  1687 | D:3      | Reached XP level 5. HP: 31/31 MP: 9/9
  2172 | D:3      | Noticed Sigmund
  2180 | D:3      | Killed Sigmund
  2181 | D:3      | Reached skill level 5 in Ice Magic
  2181 | D:3      | Reached XP level 6. HP: 36/36 MP: 3/11
  2502 | D:4      | Noticed Robin
  2774 | D:4      | Reached XP level 7. HP: 41/41 MP: 6/13
  2795 | D:4      | Killed Robin
  3099 | D:4      | Found a runed translucent gate.
  3099 | D:4      | Found a runed translucent gate.
  3101 | D:4      | Found an opulent altar of Gozag.
  3101 | D:4      | Found a runed translucent gate.
  3104 | D:4      | Noticed soul19's ghost (amateur DsSh)
  3438 | D:4      | Learned a level 3 spell: Summon Ice Beast
  3445 | D:4      | Reached skill level 6 in Ice Magic
  3447 | D:4      | Reached skill level 5 in Dodging
  3458 | D:4      | Killed soul19's ghost
  3459 | D:4      | Reached XP level 8. HP: 39/46 MP: 3/15
  3464 | D:4      | Became a worshipper of Gozag Ym Sagoz the Greedy
  3572 | D:5      | Entered Level 5 of the Dungeon
  3658 | D:5      | Reached skill level 5 in Spellcasting
  4063 | D:5      | Reached skill level 7 in Ice Magic
  4235 | D:5      | Found a sand-covered staircase.
  4246 | Ossuary  | Entered an ossuary
  4761 | D:5      | HP: 2/46 [ogre/+0 giant club (22)]
  4764 | D:5      | Reached XP level 9. HP: 2/51 MP: 15/18
  5395 | D:6      | Reached skill level 8 in Ice Magic
  5421 | D:6      | Found Gosomeill's General Store.
  5720 | D:6      | Noticed Jeremiah
  6114 | D:6      | Bought the +6 orcbow of Termination {drain, Fly rPois
                  | Str+2} for 645 gold pieces
  6136 | D:5      | Reached skill level 1 in Ranged Weapons
  6677 | D:7      | Noticed a boulder beetle
  6953 | D:7      | Reached skill level 5 in Ranged Weapons
  7052 | D:7      | Noticed a hornet
  7056 | D:7      | Slain by a hornet

Illustrated notes

Levels and vault maps discovered:
D:1:      zaba_arrival_water, layout_rooms
D:2:      layout_loops_ring, basic_altar, hangedman_decor_opposing,
          glass_columns_a
D:3:      cheibrodos_helix_gallery, layout_basic, st_stairs_6, grunt_decor_cap,
          grunt_ministairs_11, uniq_terence, uniq_sigmund
D:4:      layout_cave_pools, ebering_ghost_gozag, kennysheep_generic_room_15,
          uniq_robin
D:5:      minmay_skewed_foursquare, layout_gridville,
          nicolae_ossuary_entry_ruins
D:6:      minmay_razor_zed, layout_cave_pools, minmay_temple_entry_poolview,
          serial_shops, shop, uniq_jeremiah
D:7:      layout_rooms, minmay_starry_boxes

Skill      XL: |  1  2  3  4  5  6  7  8  9 |
---------------+----------------------------+-----
Stealth        | 3 |  3.0
Dodging        | 3 4 5 6 7 |  7.7
Spellcasting   | 3 4 6 |  6.0
Ice Magic      | 5 6 7 8 |  8.4
Ranged Weapons | 5 |  5.6

Action                     |  1- 3 |  4- 6 |  7- 9 || total
---------------------------+-------+-------+-------++-------
  Melee: Unarmed           |    14 |       |       ||    14
         Constrict         |    21 |     6 |    29 ||    56
         Tentacles         |    15 |     7 |    26 ||    48
         Dagger            |    32 |    32 |     3 ||    67
         Short sword       |    10 |       |   116 ||   126
   Fire: Orcbow            |       |       |    42 ||    42
   Cast: Freeze            |     6 |    22 |    10 ||    38
         Frozen Ramparts   |       |     5 |    14 ||    19
         Ozocubu's Armour  |       |     2 |     5 ||     7
         Summon Ice Beast  |       |       |    15 ||    15
    Use: Scroll            |       |       |     5 ||     5
   Stab: Sleeping          |     4 |     9 |     7 ||    20
         Distracted        |       |       |     2 ||     2
 Armour: Skin              |    23 |    13 |    86 ||   122
  Dodge: Dodged            |    53 |    26 |   134 ||   213

Table legend: (Time is in decaauts)
 A = Elapsed time spent in this place.
 B = Non-inter-level travel time spent in this place.
 C = Inter-level travel time spent in this place.
 D = Time resting spent in this place.
 E = Time spent auto-exploring this place.
 F = Levels seen in this place.
 G = Mean time per level.
                   A        B        C        D        E       F      G
               +--------+--------+--------+--------+--------+-----+--------+
         Total |   7066 |   6497 |    569 |    917 |   4483 |   8 |  883.2 |
       Dungeon |   6745 |   6176 |    569 |    917 |   4238 |   7 |  963.6 |
       Ossuary |    320 |    320 |      0 |      0 |    245 |   1 |  320.0 |
               +--------+--------+--------+--------+--------+-----+--------+

Top non-repeatable levels by time:
     D:5: 2039 daAuts
     D:3: 1309 daAuts
     D:4: 876 daAuts
     D:2: 856 daAuts
     D:6: 754 daAuts
     D:1: 526 daAuts
     D:7: 382 daAuts
 Ossuary: 320 daAuts
